 Dungeon Crawl Stone Soup version 0.28.0-45-g0d030f2227 (webtiles) character file.

Game seed: 14394867739974611869

1607 seaoflcl the Cudgeller (level 9, -5/102 HPs)
             Began as a Human Fighter on Apr 12, 2022.
             Was a Follower of Elyvilon.
             Slain by a five-headed hydra (11 damage)
             ... on level 7 of the Dungeon.
             The game lasted 00:09:47 (7531 turns).

seaoflcl the Cudgeller (Human Fighter)              Turns: 7531, Time: 00:09:47

Health: -5/102     AC: 14    Str: 20    XL:     9   Next: 16%
Magic:  9/9        EV:  8    Int:  9    God:    Elyvilon [*.....]
Gold:   259        SH:  5    Dex: 16    Spells: 8/8 levels left

rFire   . . .      SeeInvis +   a - +9 mace of Kohopp {vorpal, Dex+3}
rCold   . . .      Faith    .   c - +0 buckler
rNeg    . . .      Spirit   .   h - +0 chain mail
rPois   +          Reflect  .   q - +0 helmet
rElec   .          Harm     .   v - +0 cloak
rCorr   .          Rampage  .   (no gloves)
Will    +....                   z - +0 pair of boots
Stlth   ..........              e - amulet of the acrobat
HPRegen 0.27/turn               B - ring of Kumef {rPois Will+ Slay-2 SInv}
MPRegen 0.11/turn               (no ring)

@: berserking, hasted, very quick
A: no striking features
a: Renounce Religion, Purification


You were on level 7 of the Dungeon.
You worshipped Elyvilon.
Elyvilon was aware of your devotion.
You visited 2 branches of the dungeon, and saw 8 of its levels.

You collected 259 gold pieces.

Inventory:

Hand Weapons
 a - the +9 mace of Kohopp (weapon) {vorpal, Dex+3}
   (You found it on level 5 of the Dungeon)

   It inflicts extra damage upon your enemies.
   Dex:       It affects your dexterity (+3).
 b - a +0 hunting sling
 d - a +2 flail of protection
 x - a +0 long sword
Armour
 c - a +0 buckler (worn)
 h - a +0 chain mail (worn)
 q - a +0 helmet (worn)
 v - a +0 cloak (worn)
 z - a +0 pair of boots (worn)
Magical Staves
 g - a staff of conjuration
 y - a staff of poison
Jewellery
 e - an amulet of the acrobat (around neck)
 B - the ring of Kumef (left hand) {rPois Will+ Slay-2 SInv}
   (You found it on level 6 of the Dungeon)

   [ring of poison resistance]

   Slay:      It affects your accuracy & damage with ranged weapons and melee
   (-2).
   rPois:     It protects you from poison.
   SInv:      It lets you see invisible.
   Will:      It increases your willpower.
Scrolls
 f - 2 scrolls of blinking {unknown}
 i - a scroll of immolation {unknown}
 l - 3 scrolls of teleportation
 m - a scroll of silence {unknown}
 n - a scroll of amnesia {unknown}
 o - a scroll of fear {unknown}
 t - a scroll of enchant armour {unknown}
 u - 2 scrolls of enchant weapon
 C - a scroll of magic mapping {unknown}
Potions
 k - a potion of degeneration {unknown}
 p - 4 potions of attraction
 s - a potion of invisibility
 w - 3 potions of flight
 A - 3 potions of mutation


   Skills:
 + Level 5.2 Fighting
 + Level 3.2 Long Blades
 + Level 6.8 Maces & Flails
 + Level 6.1 Armour
 + Level 1.3 Dodging
 + Level 0.9 Stealth
 + Level 4.4 Shields


You had 8 spell levels left.
You didn't know any spells.
Your spell library contained the following spells:

 Spells                   Type           Power      Damage    Failure   Level
 Magic Dart               Conj           0%         1d3       99%         1
 Sandblast                Erth           0%         2d4       99%         1
 Passwall                 Tmut/Erth      0%         N/A       100%        2
 Searing Ray              Conj           0%         2d4       100%        2
 Static Discharge         Conj/Air       0%         N/A       100%        2
 Sublimation of Blood     Necr           0%         N/A       100%        2
 Stone Arrow              Conj/Erth      0%         3d7       100%        3
 Animate Dead             Necr           0%         N/A       100%        4
 Fulminant Prism          Conj/Hex       0%         3d6       100%        4
 Petrify                  Tmut/Erth      0%         N/A       100%        4
 Irradiate                Conj/Tmut      0%         3d14      100%        5
 Lightning Bolt           Conj/Air       0%         1d11      100%        5
 Haunt                    Necr/Summ      0%         N/A       100%        7
 Infestation              Necr           0%         N/A       100%        8
 Maxwell's Capacitive Co  Air            0%         ∞         100%        8


Dungeon Overview and Level Annotations

Branches:
Dungeon (7/15)             Temple (1/1) D:6

Altars:
Ashenzari
Cheibriados
Dithmenos
Elyvilon
Fedhas
Hepliaklqana
Makhleb
Okawaru
Qazlal
Trog
Vehumet
Xom
Yredelemnul


Message History

The five-headed hydra bites you but does no damage.
You block the five-headed hydra's attack.
The five-headed hydra closely misses you.
The five-headed hydra bites you but does no damage.
The five-headed hydra bites you!
The five-headed hydra bites you but does no damage.
The five-headed hydra closely misses you.
You sock the five-headed hydra!
The five-headed hydra is moderately wounded.
The five-headed hydra bites you.
You block the five-headed hydra's attack.
The five-headed hydra bites you! The five-headed hydra bites you.
The five-headed hydra bites you!
You thump the five-headed hydra!
The five-headed hydra is heavily wounded.
You block the five-headed hydra's attack.
The five-headed hydra closely misses you.
The five-headed hydra bites you. The five-headed hydra bites you!
* * * LOW HITPOINT WARNING * * *
The five-headed hydra bites you but does no damage.
It was a potion of haste.
You feel yourself speed up.
The five-headed hydra bites you but does no damage.
The five-headed hydra bites you!
* * * LOW HITPOINT WARNING * * *
The five-headed hydra bites you.
* * * LOW HITPOINT WARNING * * *
The five-headed hydra bites you.
* * * LOW HITPOINT WARNING * * *
The five-headed hydra barely misses you.
Okay, then.
Okay, then.
It was a potion of berserk rage.
A red film seems to cover your vision as you go berserk!
You feel yourself moving faster!
You feel mighty!
Unknown command.
You are too berserk!
You thump the five-headed hydra!
The five-headed hydra is severely wounded.
The five-headed hydra bites you!
You die...

#........#......#
#........#....###
#.............#
######'##.....#
#.##.....#
#.#......#
######'#.###+###
#...........#...#
..........#.###@#
..............#D####
.......+#.....)....#
.......+#..........#
######.............#
#.............#
.......|......#
.......#.#+####
####...#.#


You could see a five-headed hydra.

Vanquished Creatures
  Pikel (D:5)
  Maggie (D:7)
  Grinder (D:5)
  A phantom (D:5)
  Blork the orc (D:5)
  2 jellies (D:6)
  A howler monkey (D:6)
  A crimson imp (D:5)
  2 orc priests (D:6)
  2 bullfrog skeletons (D:6)
  A hound (D:6)
  Crazy Yiuf (D:5)
  A hound zombie (D:5)
  Robin (D:3)
  3 gnolls (D:2)
  4 adders
  A shadow imp (D:5)
  2 worms
  4 dart slugs
  10 orcs
  7 ball pythons
  8 endoplasms
  5 giant cockroaches
  18 goblins
  12 hobgoblins
  8 kobolds
  2 quokkas
  2 bats (D:1)
  5 frilled lizards
  6 rats
114 creatures vanquished.

Notes
Turn   | Place    | Note
-------+----------+-------------------------------------------
     0 | D:1      | seaoflcl the Human Fighter began the quest for the Orb.
     0 | D:1      | Reached XP level 1. HP: 18/18 MP: 1/1
   214 | D:1      | Reached XP level 2. HP: 20/24 MP: 2/2
   382 | D:1      | Reached XP level 3. HP: 29/29 MP: 3/3
   880 | D:2      | Reached XP level 4. HP: 27/35 MP: 4/4
  1468 | D:2      | Reached XP level 5. HP: 5/41 MP: 5/5
  2059 | D:2      | Found a faded altar of an unknown god.
  2341 | D:3      | Noticed Robin
  2390 | D:3      | Killed Robin
  2632 | D:3      | Reached skill level 1 in Maces & Flails
  3058 | D:3      | Found a snail-covered altar of Cheibriados.
  3243 | D:3      | Found a faded altar of an unknown god.
  3249 | D:3      | Found a basalt altar of Yredelemnul.
  3536 | D:4      | Noticed a phantom
  3570 | D:5      | Entered Level 5 of the Dungeon
  3578 | D:5      | Identified the +9 mace of Kohopp {vorpal, Dex+3}
  3582 | D:5      | Found a runed translucent door.
  3583 | D:5      | Noticed Crazy Yiuf
  3718 | D:5      | Noticed Grinder
  3724 | D:5      | Reached XP level 6. HP: 47/47 MP: 6/6
  3749 | D:5      | Killed Grinder
  3750 | D:5      | Reached skill level 1 in Dodging
  3750 | D:5      | Reached XP level 7. HP: 37/53 MP: 7/7
  4027 | D:5      | Noticed Pikel
  4052 | D:5      | Killed Pikel
  4053 | D:5      | Reached skill level 5 in Maces & Flails
  4053 | D:5      | Reached skill level 5 in Armour
  4053 | D:5      | Reached XP level 8. HP: 35/61 MP: 8/8
  4261 | D:5      | Noticed Blork the orc
  4264 | D:5      | Killed Blork the orc
  4269 | D:5      | Found a burning altar of Makhleb.
  4269 | D:5      | Found a radiant altar of Vehumet.
  5224 | D:5      | Killed Crazy Yiuf
  5470 | D:6      | Found a staircase to the Ecumenical Temple.
  5663 | D:6      | Identified the ring of Kumef {rPois Will+ Slay-2 SInv}
  6167 | D:6      | Noticed a yak
  6167 | D:6      | Noticed a yak
  6167 | D:6      | Noticed a yak
  6167 | D:6      | Noticed a yak
  6280 | Temple   | Entered the Ecumenical Temple
  6423 | Temple   | Became a worshipper of Elyvilon the Healer
  7188 | D:7      | Reached * piety under Elyvilon
  7193 | D:7      | Noticed Maggie
  7210 | D:7      | Killed Maggie
  7211 | D:7      | Reached skill level 5 in Fighting
  7211 | D:7      | Reached XP level 9. HP: 23/68 MP: 9/9
  7520 | D:7      | Noticed a five-headed hydra
  7531 | D:7      | Slain by a five-headed hydra

Illustrated notes

Levels and vault maps discovered:
D:1:      minmay_arrival_arboretum_small, layout_loops_ring, serial_glass,
          glass_columns_a, glass_columns_a
D:2:      layout_loops_corners, basic_ecumenical_altar, amcnicky_mini_pool_small
D:3:      layout_basic, kennysheep_slug_shrine,
          nicolae_overflow_ecumenical_swirl, uniq_robin
D:4:      layout_basic, grunt_temple_overflow_open, portal_sewer_entry_f
D:5:      layout_basic, grunt_temple_overflow_lords_of_destruction,
          uniq_grinder, uniq_blork_the_orc, uniq_crazy_yiuf_cottage, uniq_pikel
D:6:      layout_gridville, minmay_temple_entry_water_ring,
          serial_co_window_serial, co_window_paths_a, co_window_paths_a,
          co_window_paths_b, co_window_corner_a, co_window_corner_a,
          co_window_broadway_a, co_window_corner_b, co_window_broadway_a,
          co_window_paths_c, co_window_paths_c, co_window_paths_d,
          co_window_4corner_a, glass_columns_a, glass_columns_c,
          kennysheep_small_spiral, minmay_misc_feat_alley
D:7:      layout_basic, grunt_decor_arrowhead, uniq_maggie, uniq_menkaure
Temple:   compressed_dpeg_triangle_lava_temple

Skill      XL: |  1  2  3  4  5  6  7  8 |
---------------+-------------------------+-----
Long Blades    | 3 |  3.2
Armour         | 4 5 6 |  6.1
Maces & Flails | 1 3 5 6 |  6.8
Dodging        | 1 |  1.3
Fighting       | 4 5 |  5.2
Shields        | 4 |  4.4
Stealth        | |  0.9

Action                   |  1- 3 |  4- 6 |  7- 9 || total
-------------------------+-------+-------+-------++-------
Melee: Long sword        |    95 |    54 |       ||   149
       Flail             |       |    95 |       ||    95
       Mace              |       |     9 |    85 ||    94
  Use: Potion            |       |     2 |     2 ||     4
       Scroll            |       |       |     5 ||     5
Armor: Scale mail        |    33 |       |       ||    33
       Chain mail        |    33 |   122 |    34 ||   189
Dodge: Dodged            |    44 |    77 |    30 ||   151
Block: Buckler           |    19 |    43 |    18 ||    80
